Map: Ever Dream LE

Players

LiquidClem (Clem)

  • Race: Terran Terran
  • League: Master
  • Spawn Location: 1:00

SKillous - Winner!

  • Race: Protoss Protoss
  • League: Master
  • Spawn Location: 7:00

Event: StayAtHomestory Cup #2

VOD

Have the link to the VOD?

Description

Time

  • Played on: June 11, 2020, 6:06 a.m.
  • Length: 16:44

All games in this series

Show
View Real Time Build Order
Export as new Build Order

LiquidClem Terran 

Build Orders: Reaper Expand 

Get SALT Encoding   

  12  0:00  SCV  
  13  0:13  SCV  
  14  0:17  Supply Depot  
  14  0:25  SCV  
  15  0:38  SCV  
  15  0:40  Barracks  
  16  0:43  Refinery  
  16  0:50  SCV  
  17  1:02  SCV  
  18  1:14  SCV  
  19  1:27  Reaper, Orbital Command  
  20  1:40  Command Center  
  20  1:51  Supply Depot  
  20  1:52  SCV  
  21  1:59  Marine  
  22  2:04  SCV  
  23  2:08  Factory  
  23  2:14  Refinery  
  23  2:17  Marine  
  23  2:20  SCV  
  25  2:32  SCV  
  25  2:35  Barracks Reactor  
  27  2:44  SCV  
  27  2:54  Hellion, Orbital Command  
  27  2:55  Starport  
  27  2:56  SCV  
  29  3:08  SCV  
  29  3:12  Marine x2  
  32  3:15  Factory Tech Lab  
  32  3:18  Supply Depot  
  33  3:20  SCV x2  
  34  3:30  Marine x2  
  34  3:32  SCV x2  
  38  3:39  Factory Tech Lab  
  38  3:40  Barracks  
  38  3:42  Raven  
  38  3:43  Barracks  
  38  3:45  SCV  
  38  3:47  SCV  
  42  3:50  Marine x2  
  44  3:57  Supply Depot  
  44  3:58  SCV  
  44  3:59  SCV  
  46  4:05  Engineering Bay  
  49  4:11  Marine x2  
  49  4:14  SCV x2  
  50  4:19  Bunker, Refinery  
  49  4:26  SCV  
  49  4:28  Factory Reactor, Marine  
  49  4:29  Marine  
  49  4:30  SCV  
  53  4:34  Terran Infantry Weapons Level 1  
  53  4:35  Starport Reactor  
  53  4:36  Supply Depot  
  53  4:38  Stimpack  
  53  4:41  Marauder  
  53  4:45  Marauder  
  57  4:48  Marine x2  
  57  4:49  SCV  
  57  4:51  SCV  
  61  4:53  Combat Shield  
  61  5:02  SCV, Marauder  
  61  5:04  Supply Depot  
  61  5:06  Marine x2  
  66  5:07  SCV  
  66  5:12  Refinery  
  66  5:13  Marauder  
  66  5:14  SCV  
  67  5:19  SCV  
  67  5:20  Supply Depot  
  68  5:25  Marine x2  
  68  5:26  Marauder  
  72  5:29  Medivac x2  
  72  5:35  SCV, Supply Depot  
  77  5:42  SCV, Marauder, Widow Mine x2  
  84  5:46  Supply Depot  
  84  5:50  SCV  
  84  5:53  Supply Depot, Marine  
  84  5:56  Marine  
  84  5:57  Marauder  
  89  5:58  SCV  
  89  6:04  Marauder  
  92  6:07  SCV  
  92  6:11  Supply Depot, Marine  
  92  6:14  SCV  
  92  6:17  Command Center  
  92  6:18  Marauder  
  93  6:23  Marine  
  94  6:27  Widow Mine x2  
  94  6:28  Terran Infantry Armor Level 1  
  94  6:29  Concussive Shells  
  94  6:31  Marauder  
  99  6:33  Marine  
  99  6:35  SCV  
  101  6:43  Marine  
  101  6:45  Barracks  
  100  6:47  Marauder, Barracks  
  100  6:51  Widow Mine x2  
  101  6:55  Marine  
  101  6:56  Marauder  
  100  7:03  Marine  
  100  7:04  Medivac  
  100  7:06  Medivac  
  105  7:09  Marauder  
  105  7:10  Supply Depot  
  105  7:14  SCV x2  
  109  7:20  Ghost Academy  
  109  7:21  Marauder, Marine  
  112  7:28  SCV  
  113  7:31  Missile Turret  
  113  7:33  Orbital Command  
  113  7:34  SCV  
  114  7:37  Barracks Reactor, Barracks Tech Lab  
  114  7:40  SCV  
  114  7:41  Marine x2  
  121  7:44  Marauder x2  
  121  7:46  SCV  
  122  7:52  SCV  
  122  7:55  Widow Mine x2  
  122  7:58  Supply Depot, Marine  
  127  7:59  Armory, Marine  
  127  8:01  Engineering Bay  
  127  8:02  SCV  
  127  8:04  SCV  
  127  8:05  Marauder  
  133  8:09  Marauder x2, Refinery  
  137  8:14  Supply Depot  
  137  8:16  SCV x2  
  137  8:18  Widow Mine  
  143  8:20  Widow Mine  
  143  8:22  Marine x2  
  143  8:26  Ghost  
  145  8:28  Marine  
  145  8:31  SCV  
  145  8:32  SCV  
  146  8:34  Marine  
  146  8:39  SCV, Supply Depot, Widow Mine  
  146  8:40  Ghost  
  152  8:44  SCV, Medivac x2  
  155  8:49  Marine  
  155  8:50  Command Center, Marine  
  157  8:56  Marine x2  
  157  8:57  Ghost  
  157  8:58  Supply Depot  
  157  9:01  SCV  
  155  9:03  Marauder  
  155  9:06  SCV, Widow Mine  
  155  9:09  SCV  
  162  9:10  Marauder  
  162  9:11  Marine x2  
  162  9:16  Supply Depot  
  161  9:22  Marine x2  
  157  9:25  Ghost, Widow Mine  
  157  9:28  Liberator  
  157  9:30  Liberator  
  167  9:33  Terran Infantry Weapons Level 2  
  167  9:37  Terran Infantry Armor Level 2  
  167  9:39  SCV  
  167  9:40  SCV  
  167  9:44  Marine x3  
  167  9:46  SCV  
  167  9:51  SCV  
  166  9:54  SCV, Marauder  
  164  10:01  SCV  
  164  10:03  Starport  
  159  10:07  Marine x2  
  159  10:10  Marauder  
  159  10:11  Terran Ship Weapons Level 1, Marauder  
  159  10:13  SCV x2  
  167  10:15  Marauder  
  167  10:19  Marine x2  
  171  10:22  SCV  
  171  10:25  Viking x2  
  171  10:32  Marauder  
  171  10:34  Ghost  
  171  10:35  Marine x2  
  143  10:45  Marine  
  143  10:46  Marauder  
  143  10:47  Marine  
  143  10:49  Planetary Fortress  
  143  10:53  Viking x2, Marauder  
  143  10:55  Medivac  
  143  10:57  Marine  
  150  11:04  Marine x2  
  150  11:05  Marine  
  150  11:06  Medivac  
  150  11:07  SCV  
  150  11:09  Refinery  
  156  11:12  SCV x2, Missile Turret  
  156  11:13  Marauder x2  
  156  11:14  Marine  
  165  11:18  Marauder  
  165  11:26  SCV x2  
  165  11:27  Marine x2  
  165  11:28  Medivac  
  165  11:31  Medivac  
  170  11:33  Marine x2  
  170  11:34  Ghost  
  170  11:35  Medivac  
  176  11:43  Ghost  
  176  11:45  SCV  
  179  11:47  Refinery, Missile Turret  
  179  11:48  SCV x2  
  179  11:53  Marine x2  
  183  11:58  Marine x2  
  183  11:59  Terran Infantry Weapons Level 3  
  183  12:00  SCV, Marauder  
  188  12:04  SCV x2  
  188  12:05  Orbital Command  
  188  12:07  Marauder  
  192  12:11  Marine x2  
  192  12:13  Marauder  
  196  12:16  Viking  
  196  12:17  Marine x2  
  196  12:18  Viking  
  196  12:21  Marauder  
  196  12:22  SCV  
  187  12:24  SCV  
  187  12:25  SCV  
  187  12:28  Marauder  
  188  12:32  SCV  
  188  12:33  Ghost  
  188  12:34  SCV  
  188  12:35  Viking, Marine  
  169  12:44  Orbital Command  
  169  12:46  Marine x2  
  159  12:54  Viking  
  159  12:56  Marauder  
  159  12:58  SCV  
  150  12:59  SCV x2  
  150  13:01  Marine  
  150  13:02  Marine  
  147  13:10  Viking  
  147  13:11  Viking  
  147  13:12  SCV x2  
  153  13:13  SCV  
  153  13:14  Marine x2  
  153  13:16  Marauder  
  153  13:19  Orbital Command  
  156  13:21  Viking  
  156  13:22  Marine x2  
  156  13:25  SCV  
  161  13:29  SCV  
  161  13:32  Medivac  
  161  13:34  Marine x2  
  165  13:37  Marine  
  165  13:40  Marauder  
  166  13:45  SCV, Missile Turret  
  166  13:46  SCV  
  168  13:56  Viking, Refinery  
  168  13:57  Refinery  
  159  14:03  Marine x2  
  159  14:05  Viking  
  159  14:06  Marine  
  159  14:09  Medivac  
  164  14:15  SCV  
  164  14:16  Marine  
  165  14:18  Marauder  
  165  14:21  Marauder  
  165  14:23  Viking  
  162  14:28  Marine x2  
  162  14:29  Marauder  
  153  14:39  Marauder  
  153  14:41  Medivac  
  153  14:42  Marine x2  
  153  14:43  Marine  
  160  14:47  Marine x2  
  160  14:51  Medivac  
  153  14:58  Liberator x2  
  148  15:01  Marine x2  
  148  15:04  Ghost  
  148  15:07  Ghost  
  148  15:09  Marine  
  151  15:15  Marine  
  151  15:17  Viking  
  151  15:18  Ghost  
  155  15:23  Marine x2  
  157  15:28  Marine  
  157  15:33  Ghost  
  157  15:34  Liberator  
  157  15:35  Marine  
  164  15:37  Marauder  
  164  15:42  Marine x2  
  160  15:48  Marauder  
  162  15:50  SCV x2  
  162  15:52  Marine  
  165  15:57  Liberator  
  165  15:58  Marauder  
  165  16:02  Marauder  
  172  16:09  Marauder, Marine x2  
  151  16:20  Marauder  
  151  16:23  Marine  
  122  16:26  Marine  
  122  16:31  SCV  
Show
View Real Time Build Order
Export as new Build Order

SKillous Protoss - Winner!

Build Orders: 1 Gate Expand, Blink Stalkers 

Get SALT Encoding   

  12  0:01  Probe  
  13  0:13  Probe  
  14  0:17  Pylon  
  14  0:24  Probe  
  15  0:32  Probe  
  15  0:37  Gateway  
  15  0:40  Probe  
  16  0:46  Assimilator  
  17  0:51  Probe  
  18  1:03  Probe  
  19  1:15  Probe  
  20  1:24  Cybernetics Core  
  20  1:33  Nexus  
  20  1:36  Probe  
  21  1:43  Pylon  
  21  1:48  Assimilator  
  21  1:51  Probe  
  21  1:52  Stalker  
  22  2:00  Probe  
  22  2:05  Warp Gate  
  25  2:09  Probe  
  26  2:17  Probe  
  26  2:22  Adept  
  30  2:30  Probe  
  30  2:36  Twilight Council  
  30  2:41  Probe  
  30  2:42  Probe  
  31  2:49  Probe  
  32  2:54  Probe  
  32  2:59  Probe  
  32  3:02  Gateway  
  32  3:03  Stalker  
  32  3:05  Blink  
  35  3:06  Probe  
  35  3:11  Probe  
  37  3:18  Probe  
  38  3:23  Probe  
  39  3:30  Probe, Robotics Facility  
  40  3:35  Probe  
  41  3:42  Probe  
  41  3:47  Probe  
  41  3:48  Pylon  
  43  3:54  Probe  
  44  3:58  Pylon, Sentry  
  44  3:59  Assimilator  
  44  4:00  Nexus  
  46  4:05  Pylon  
  46  4:12  Pylon  
  46  4:13  Probe  
  46  4:16  Probe  
  47  4:18  Observer  
  47  4:20  Sentry  
  47  4:22  Probe  
  50  4:24  Probe  
  50  4:30  Probe, Forge  
  50  4:34  Probe  
  50  4:35  Gateway  
  50  4:37  Stalker  
  54  4:39  Probe, Gateway, Observer  
  54  4:44  Gateway  
  54  4:45  Probe  
  56  4:51  Probe  
  58  4:53  Gateway  
  58  5:00  Protoss Ground Weapons Level 1  
  58  5:01  Probe, Observer  
  58  5:04  Probe  
  60  5:09  Probe  
  60  5:10  Probe  
  60  5:12  Gateway  
  62  5:15  Gateway  
  62  5:16  Probe, Observer  
  62  5:17  Probe  
  62  5:18  Probe  
  64  5:27  Probe x2  
  64  5:28  Probe  
  66  5:31  Assimilator x2  
  66  5:33  Pylon  
  66  5:34  Pylon  
  68  5:39  Probe x2, Immortal  
  68  5:40  Probe  
  75  5:45  Stalker  
  75  5:46  Stalker  
  79  5:51  Probe x2  
  79  5:52  Photon Cannon  
  79  5:55  Probe  
  82  6:00  Shield Battery  
  82  6:02  Pylon  
  82  6:07  Charge  
  82  6:17  Probe  
  81  6:20  Sentry x2  
  81  6:22  Stalker x4  
  89  6:30  Stalker x2  
  89  6:31  Immortal  
  95  6:34  Probe  
  95  6:37  Protoss Ground Armor Level 1  
  96  6:45  Stalker x4  
  100  6:50  Probe  
  100  6:52  Probe x2  
  102  6:58  Probe  
  102  7:00  Shield Battery  
  102  7:01  Pylon  
  100  7:04  Probe x2  
  100  7:06  Probe, Stalker x2  
  107  7:11  Warp Prism  
  108  7:16  Probe, Pylon  
  108  7:18  Probe  
  108  7:19  Probe  
  113  7:23  Templar Archives  
  113  7:28  Probe  
  114  7:31  Zealot  
  114  7:34  Pylon  
  114  7:35  Pylon  
  116  7:37  Pylon  
  116  7:40  Pylon  
  116  7:42  Zealot x4  
  124  7:45  Pylon  
  124  7:52  Pylon  
  124  7:57  Pylon  
  124  7:58  Robotics Bay  
  124  7:59  Warp Prism, Pylon  
  124  8:03  High Templar  
  126  8:05  High Templar  
  128  8:13  Archon  
  128  8:16  Zealot x5  
  128  8:17  Zealot  
  135  8:36  Protoss Ground Armor Level 2  
  135  8:38  Observer  
  134  8:41  Zealot x4  
  134  8:42  Zealot x4, Colossus  
  148  9:05  Forge  
  148  9:06  Zealot x7  
  148  9:07  Zealot  
  144  9:23  Colossus  
  142  9:27  Zealot x6  
  148  9:34  Nexus  
  148  9:36  Extended Thermal Lance  
  154  9:38  Assimilator  
  154  9:44  Zealot x2  
  152  9:49  Zealot x5  
  158  9:55  Protoss Ground Weapons Level 2  
  154  10:07  Zealot x3  
  152  10:08  Probe  
  152  10:10  Zealot x5  
  160  10:17  Probe  
  160  10:20  Probe  
  161  10:22  Colossus  
  147  10:36  Zealot x2  
  147  10:37  Zealot x4  
  141  10:44  Probe  
  141  10:45  Probe  
  141  10:48  Probe x2  
  141  10:49  Stalker x2  
  143  10:52  Probe  
  143  10:54  Probe  
  141  11:00  Probe x2  
  141  11:02  Probe x2, Protoss Ground Armor Level 3  
  141  11:04  Stalker x3  
  141  11:05  Stalker  
  141  11:10  Stalker  
  149  11:12  Probe  
  149  11:13  Probe  
  148  11:20  Warp Prism  
  150  11:31  High Templar x6  
  158  11:32  Stalker  
  158  11:35  Stalker  
  158  11:36  Archon  
  158  11:37  Archon x2  
  161  11:42  Photon Cannon  
  161  11:44  Pylon  
  161  11:49  Photon Cannon  
  161  11:55  Pylon  
  161  12:06  Zealot x7  
  175  12:10  Photon Cannon  
  173  12:28  Zealot x6  
  161  12:44  Zealot x2  
  161  12:45  Disruptor  
  161  12:50  Zealot x6  
  159  12:58  Protoss Ground Weapons Level 3  
  156  13:01  Probe  
  143  13:07  Robotics Facility  
  143  13:10  Disruptor  
  143  13:12  Dark Shrine  
  143  13:19  High Templar  
  145  13:20  High Templar x3  
  145  13:21  High Templar x2  
  145  13:23  Archon, Nexus  
  145  13:24  Archon  
  145  13:25  Archon  
  154  13:28  Sentry  
  154  13:29  Zealot  
  152  13:43  Disruptor  
  152  13:46  Disruptor  
  152  13:51  Stalker x2  
  152  13:52  Zealot x4  
  167  13:57  Pylon  
  150  14:09  Zealot x2  
  150  14:14  Zealot x3  
  150  14:15  Zealot x3  
  150  14:25  Disruptor  
  147  14:33  Sentry x2  
  147  14:35  Dark Templar x3  
  147  14:36  Zealot x3  
  163  14:51  Shadow Stride  
  145  15:03  Zealot x5  
  145  15:05  Colossus x2  
  163  15:13  Zealot x3  
  169  15:24  Stalker x3  
  169  15:25  Zealot  
  177  15:30  Stalker  
  179  15:42  Assimilator x2  
  177  15:44  Pylon  
  175  15:56  Zealot x8  
  150  16:25  Zealot x8  
  150  16:29  Nexus  
  150  16:31  Pylon  
Tags
 
Add a new tag
Caveats
  • Supply blocks, unpowered buildings, or Contaminate may cause inaccurate times.
  • Supply counts are checked every 10 seconds.